 Dungeon Crawl Stone Soup version 0.15.2 (webtiles) character file.

296049 4tharraofdagon the Executioner (level 20, 0/184 HPs)
             Began as a Minotaur Artificer on Jan 21, 2015.
             Was the Champion of the Shining One.
             Slain by a vampire knight
             ... wielding a +0 great sword
              (5 damage)
             ... while paralysed by a vampire knight
             ... on Level 2 of the Vaults.
             The game lasted 04:24:31 (28546 turns).

4tharraofdagon the Executioner (MiAr)              Turns: 28546, Time: 04:24:31

HP   0/184       AC 18     Str 20      XL: 20   Next:  7%
MP  32/32        EV  2     Int 18 (21) God: the Shining One [******]
Gold 389         SH  0     Dex 16      Spells:  8 memorised, 11 levels left

rFire  + + .     SeeInvis .     j - +6 broad axe (chop)
rCold  + + .     Clarity  +     l - +4 troll leather armour
rNeg   + + +     rCorr    .     J - +1 shield "Tromue" {+Fly rC++}
rPois  .         rRot     .     (helmet unavailable)
rElec  +         Spirit   .     B - +1 cloak {rC+}
SustAb .         Warding  +     t - +0 pair of gloves {archery}
rMut   .         Stasis   .     E - +1 pair of boots of Amelioration {Str+4 Int+3}
Gourm  .                        A - amulet of warding
MR     +....                    T - ring "Geleib" {Wiz Dex+2 Int+3}
                                O - ring of fire

@: paralysed, glowing, somewhat resistant to hostile enchantments, very
unstealthy
A: retaliatory headbutt, horns 3, slimy green scales 1, clarity, fire resistance
1, robust 1, screaming 1, electricity resistance
a: Divine Shield, Cleansing Flame, Summon Divine Warrior, Renounce Religion,
Evoke Flight
}: 2/15 runes: barnacled, gossamer


You were on level 2 of the Vaults.
You worshipped the Shining One.
The Shining One was exalted by your worship.
You were near starving.

You visited 9 branches of the dungeon, and saw 45 of its levels.
You visited the Abyss 1 time.
You also visited: Ice Cave, Volcano and Wizlab.

You collected 4781 gold pieces.
You spent 4392 gold pieces at shops.

Inventory:

Hand weapons
 j - a +6 broad axe of chopping (weapon)
Armour
 l - a +4 troll leather armour (worn)
 t - a +0 pair of gloves of archery (worn)
 v - the +2 cloak of the Thief {+Fog Slay-2 SInv Stlth+}
   (You found it in a wizard's laboratory)

   It affects your accuracy and damage with ranged weapons and melee attacks
   (-2).
   It enhances your eyesight.
   It can be evoked to emit clouds of fog.
   It makes you more stealthy.
 B - a +1 cloak of cold resistance (worn)
 E - the +1 pair of boots of Amelioration (worn) {Str+4 Int+3}
   (You bought it in a shop on level 4 of the Orcish Mines)

   It affects your strength (+4).
   It affects your intelligence (+3).
 J - the +1 shield "Tromue" (worn) {+Fly rC++}
   (You took it off a deep elf demonologist on level 3 of the Elven Halls)

   It greatly protects you from cold.
   It lets you fly.
Magical devices
 c - a wand of heal wounds (4)
 e - a wand of teleportation (6)
 k - a wand of digging (4)
 u - a wand of fire (11)
 x - a wand of disintegration (17)
 C - a wand of paralysis (17)
 K - a wand of fire (8)
 P - a wand of cold (8)
 Z - a wand of digging (12)
Comestibles
 f - 20 bread rations
 w - 18 meat rations
Scrolls
 g - 4 scrolls of recharging
 i - a scroll of summoning
 p - 6 scrolls of remove curse
 q - a scroll of holy word
 D - 4 scrolls of enchant armour
 F - 2 scrolls of fog
 I - 2 scrolls of fear
 R - 5 scrolls of magic mapping
 S - 3 scrolls of silence
 V - 2 scrolls of teleportation
 X - 5 scrolls of blinking
Jewellery
 b - an uncursed ring of teleportation
 m - an uncursed ring of flight
 A - an amulet of warding (around neck)
 N - an uncursed ring of poison resistance
 O - a ring of fire (left hand)
 T - the ring "Geleib" (right hand) {Wiz Dex+2 Int+3}
   (You took it off a deep elf annihilator on level 3 of the Elven Halls)

   [ring of wizardry]

   It improves your spell success rate.
   It affects your intelligence (+3).
   It affects your dexterity (+2).
 W - a +6 ring of intelligence
 Y - an uncursed ring of protection from cold
Potions
 n - 10 potions of curing
 o - 8 potions of restore abilities
 r - 6 potions of brilliance
 s - a potion of berserk rage
 y - 2 potions of heal wounds
 z - 2 potions of magic
 G - a potion of resistance
 H - 2 potions of might
 L - 6 potions of haste
 U - 2 potions of cancellation
Magical staves
 d - an uncursed staff of energy
Miscellaneous
 a - a sack of spiders {used: 12}
 h - a phial of floods
Rods
 Q - a +2 lightning rod (13/13)
   (You found it on level 4 of the Shoals)


   Skills:
 - Level 12.2 Fighting
   Level 1.1 Short Blades
 - Level 21.0 Axes
 - Level 12.0 Armour
 + Level 14.9 Dodging
 - Level 0.7 Stealth
 - Level 10.0 Shields
 + Level 9.6 Spellcasting
 * Level 14.1 Translocations
 - Level 6.0 Invocations
 - Level 7.0 Evocations


You had 11 spell levels left.
You knew the following spells:

 Your Spells              Type           Power        Failure   Level  Hunger
a - Cure Poison           Pois           #.........   9%          2    None
b - Control Teleport      Chrm/Tloc      ####......   4%          4    ###....
c - Controlled Blink      Tloc           N/A          12%         7    #######
d - Blink                 Tloc           N/A          1%          2    None
e - Repel Missiles        Chrm/Air       #.....       9%          2    None
f - Apportation           Tloc           ######....   1%          1    None
g - Conjure Flame         Conj/Fire      ##......     16%         3    None
h - Haste                 Chrm           #.......     100%        6    ######.


Dungeon Overview and Level Annotations

Branches:
Dungeon (15/15)            Temple (1/1) D:5             Orc (4/4) D:9
    Elf (3/3) Orc:3          Lair (8/8) D:10         Shoals (5/5) Lair:4
 Spider (5/5) Lair:3        Slime (0/6) Lair:6       Vaults (3/5) D:14
 Depths (1/5) D:15
  Crypt: Vaults:2-3

Altars:
Ashenzari
Cheibriados
Dithmenos
Elyvilon
Fedhas
Kikubaaqudgha
Makhleb
Nemelex Xobeh
Okawaru
Qazlal
Sif Muna
Trog
Vehumet
Xom
Yredelemnul
Zin
The Shining One
Beogh
Jiyva
Lugonu

Shops:
D:9 [(   Orc:1 [   Orc:4 [**([*(:   Elf:3 (   Shoals:4 [   Vaults:1 }
Vaults:2 :

Portals:
Abyss: Depths:1

Annotations:
D:3 Grinder
D:5 Turgon's ghost, average DsMo
Lair:5 exclusion: oklob plant
Vaults:3 StormDelay's ghost, mighty HOFi


Innate Abilities, Weirdness & Mutations

You reflexively headbutt those who attack you in melee.
You have a pair of large horns on your head.
You are partially covered in slimy green scales (AC +2).
You possess an exceptional clarity of mind.
Your flesh is heat resistant.
You are robust (+10% HP).
You occasionally shout uncontrollably at your foes.
You are resistant to electric shocks.


Message History

The vampire knight bites you.
The vampire knight tries to attack you, but flinches away.
The vampire knight bites you but does no damage.
The vampire knight casts a spell.
The vampire knight seems to speed up.
The vampire knight drinks a potion.
The vampire knight is healed!
The vampire knight barely misses you. The vampire knight bites you.
The vampire knight casts a spell.
The vampire knight flickers and vanishes for a moment.
The vampire knight barely misses you. The vampire knight bites you.
The rakshasa gestures.
The rakshasa blinks!
The vampire knight hits you with a great sword!!
* * * LOW HITPOINT WARNING * * *
The vampire knight bites you.
* * * LOW HITPOINT WARNING * * *
The vampire knight hits you with a great sword!!!
* * * LOW HITPOINT WARNING * * *
The vampire knight bites you.
You die...

## ############### ###
..# #.............#
##.## ..#
#.............# #..(#
..# #.............#
#.<.# ..#
#.............# ##.).#
..# #.......>)....#
##.#)#( ..#
#.....!.......#
#...#.. ###
##'########V######
#...#..
#####...§.....CV@....#
#...#..
....#...###....#####.#
##.#.#.
....'.....##..## #.#
##...# ....#.#....###
#.# #.>.#
....#.#.....#
#.########...#
....#.##..⌠...
##.'......##.##
....#.. #....
##..#......####
....#.. #..
#...#......# ....#...
. #...#......#


You could see a fire giant and 2 vampire knights.

Vanquished Creatures
  Nikola (Shoals:5)
  2 deep elf master archers (Elf:3)
  2 deep elf blademasters (Elf:3)
  2 tentacled starspawn (WizLab)
  A storm dragon (Vaults:3)
  An eldritch tentacle (WizLab)
  2 sphinxes
  Ilsuiw (Shoals:5)
  An orc warlord (Orc:4)
  Donald (Spider:2)
  Aizul (Vaults:2)
  2 frost giants
  4 vault wardens
  5 ghost moths
  7 deep elf sorcerers (Elf:3)
  5 emperor scorpions (Spider:5)
  Gastronok (Lair:2)
  Jorgrun (Spider:3)
  3 stone giants
  A war gargoyle (Vaults:2)
  6 deep elf demonologists (Elf:3)
  A green draconian (WizLab)
  10 deep elf annihilators (Elf:3)
  8 merfolk impalers
  6 deep elf death magi
  2 fire dragons (Vaults:2)
  4 merfolk javelineers (Shoals:5)
  A deep elf high priest (Elf:3)
  5 ogre magi
  Josephine (D:13)
  2 yaktaur captains (Vaults:3)
  3 ironheart preservers
  2 blizzard demons (IceCv)
  8 hydras
  Fannar (Elf:1)
  An ice dragon (Vaults:3)
  A great orb of eyes (Vaults:3)
  A ravenous feature mimic (Shoals:4)
  Erica (D:12)
  5 sirens
  6 merfolk aquamancers
  2 alligator snapping turtles (Shoals:5)
  5 satyrs
  7 centaur warriors
  3 deep troll shamans
  A titan zombie (Depths:1)
  3 thrashing horrors (WizLab)
  5 orc high priests
  Nergalle (Orc:3)
  3 deep elf knights
  13 skeletal warriors
  4 orb spiders
  A shadow wraith (Vaults:3)
  4 ice devils (IceCv)
  5 sea snakes
  Erolcha (Orc:3)
  3 unseen horrors
  A sun demon (WizLab)
  4 deep elf summoners
  2 harpies (shapeshifter)
  An unseen horror (shapeshifter) (D:13)
  2 wizards (D:11)
  An ice statue (IceCv)
  A shadow demon (WizLab)
  A silver statue (WizLab)
  4 deep trolls (Vaults:1)
  3 hill giants
  A lindwurm (Volcano)
  2 necromancers
  5 ironbrand convokers
  5 red wasps
  A giant orange brain (Vaults:1)
  14 fauns
  19 harpies
  9 orc knights
  A mana viper (WizLab)
  6 water nymphs
  11 deep elf conjurers
  4 orc sorcerers
  A mana viper (shapeshifter) (Elf:3)
  15 wolf spiders
  2 moths of wrath
  A sixfirhy (WizLab)
  14 ugly things
  4 worldbinders (WizLab)
  4 cyclopes
  14 manticores
  5 black mambas
  5 griffons
  13 mermaids
  A frost giant skeleton (D:14)
  A stone giant skeleton (Depths:1)
  4 elephants
  A fire giant skeleton (Depths:1)
  A smoke demon (WizLab)
  9 drowned souls
  4 vault sentinels
  10 yaktaurs
  2 torpor snails
  4 molten gargoyles (Volcano)
  4 small abominations
  A queen ant (Spider:5)
  Psyche (Orc:3)
  A centaur skeleton (D:13)
  19 spiny frogs
  2 feature mimics
  A fire drake (Lair:4)
  A kobold demonologist (Vaults:3)
  2 hellwings
  An iron devil (Elf:2)
  4 demonic crawlers (Spider:5)
  6 deep elf priests
  4 anaconda simulacra (IceCv)
  A merfolk (shapeshifter) (Vaults:2)
  A red devil (Elf:2)
  5 freezing wraiths
  2 golden dragon simulacra (IceCv)
  An ancient zyme (WizLab)
  A wind drake (shapeshifter) (Abyss:1)
  4 wind drakes
  10 two-headed ogres
  A polar bear (Lair:7)
  7 trolls
  Sonja (Orc:3)
  13 komodo dragons
  44 merfolk
  21 jumping spiders
  13 slime creatures
  5 raiju
  A blink frog (shapeshifter) (Vaults:2)
  2 boulder beetles (Vaults:2)
  3 centaur simulacra
  A spriggan zombie (Depths:1)
  10 snapping turtles
  A spriggan skeleton (Depths:1)
  A griffon zombie (D:15)
  3 basilisks
  8 trapdoor spiders
  25 blink frogs
  3 wraiths
  12 deep elf magi
  36 redbacks
  4 dire elephant simulacra (IceCv)
  49 yaks
  3 vampires (Vaults:2)
  17 tarantellas
  3 fire elementals
  20 water elementals
  A wyvern (D:14)
  3 death yak simulacra (IceCv)
  2 hungry ghosts
  Grum (Orc:3)
  A yaktaur simulacrum (D:14)
  9 wolves
  2 hill giant skeletons
  3 harpy simulacra (IceCv)
  16 hippogriffs
  18 vampire mosquitoes
  23 soldier ants
  2 wargs (Orc:4)
  30 deep elf fighters
  A chaos spawn (Vaults:3)
  2 hydra simulacra (IceCv)
  3 ice beasts
  3 mottled dragons
  14 swamp worms (Lair:8)
  4 spatial vortices (WizLab)
  9 water moccasins
  4 yellow wasps
  8 porcupines
  A black bear (Lair:2)
  4 spiders
  3 sky beasts
  43 orc warriors
  19 centaurs
  3 boggarts (WizLab)
  A boring beetle (Lair:7)
  A manticore skeleton (D:8)
  28 ogres
  10 crocodiles
  A brain worm (D:13)
  A komodo dragon zombie (D:13)
  23 giant frogs
  An insubstantial wisp (WizLab)
  18 big kobolds
  A hippogriff zombie (D:4)
  2 eyes of draining
  An elephant simulacrum (IceCv)
  2 scorpions
  A killer bee (D:8)
  8 crimson imps
  A quasit (Vaults:3)
  9 electric eels
  A yak skeleton (D:7)
  A giant frog zombie (D:13)
  A soldier ant zombie (D:14)
  34 orc priests
  A basilisk zombie (D:14)
  3 draconian simulacra (IceCv)
  An elf zombie (D:8)
  3 iron imps
  35 worker ants
  9 hounds
  8 iguanas
  4 jellies
  35 orc wizards
  14 two-headed ogre zombies (Orc:3)
  11 spectral orcs (Orc:3)
  A spriggan simulacrum (IceCv)
  2 orange rats (Elf:1)
  5 troll simulacra
  An ogre zombie (Orc:3)
  2 wolf simulacra (IceCv)
  16 sheep
  A brain worm zombie (D:13)
  A boring beetle simulacrum (D:14)
  Terence (D:2)
  A worker ant zombie (D:6)
  6 gnolls
  22 adders
  26 green rats
  2 orc zombies
  A scorpion zombie (D:8)
  3 naga simulacra (IceCv)
  3 ogre simulacra (IceCv)
  4 orc skeletons
  7 white imps (IceCv)
  5 worms
  8 ufetubi
  6 giant geckos
  4 oozes
  184 orcs
  13 bats
  A bat skeleton (D:4)
  5 giant cockroaches
  17 goblins
  24 hobgoblins
  7 jackals
  9 quokkas
  2 ball pythons
  A giant gecko skeleton (D:4)
  6 giant newts
  2 giant spores (D:15)
  33 kobolds
  13 rats
  A rat skeleton (D:5)
  6 ballistomycetes (D:15)
  A bush (Shoals:1)
  8 fungi
  4 plants
  A starspawn tentacle (WizLab)
  2 tentacles (Shoals:5)
1742 creatures vanquished.

Vanquished Creatures (collateral kills)
  A vault warden (Vaults:3)
  A very ugly thing (D:11)
  The ghost of 4tharraofdagon the Geomancer, a powerful VSEE of Cheibriados (D:10)
  A merfolk aquamancer (Shoals:4)
  A deep troll earth mage (Depths:1)
  3 orb spiders
  An orc knight (Vaults:3)
  2 hill giants
  2 fauns (Shoals:4)
  A merfolk (Shoals:4)
  A two-headed ogre (Vaults:3)
  3 ogres
  A crimson imp (D:15)
19 creatures vanquished.

Vanquished Creatures (others)
  A deep elf high priest (Elf:3)
  4 drowned souls (Shoals:5)
  2 water elementals
  A boulder beetle (Spider:5)
  4 trapdoor spiders (Depths:1)
  7 spiders
  2 lost souls (Elf:1)
  A white imp (IceCv)
  3 giant mites
  2 ufetubi (IceCv)
  An adder skeleton (D:5)
  2 orcs (D:11)
  1305 eldritch tentacle segments (WizLab)
  4 fungi (Lair:8)
  7 plants
  4 starspawn tentacles (WizLab)
  9 starspawn tentacle segments (WizLab)
  10 tentacles (Shoals:5)
  191 tentacle segments (Shoals:5)
1560 creatures vanquished.

Grand Total: 3321 creatures vanquished

Notes
Turn   | Place    | Note
--------------------------------------------------------------
     0 | D:1      | 4tharraofdagon, the Minotaur Artificer, began the quest for the Orb.
     0 | D:1      | Reached XP level 1. HP: 16/16 MP: 1/1
   131 | D:1      | Reached XP level 2. HP: 16/24 MP: 1/1
   168 | D:1      | Reached skill level 1 in Armour
   356 | D:2      | Reached XP level 3. HP: 27/30 MP: 3/3
   491 | D:2      | Noticed Terence
   581 | D:2      | Killed Terence
   581 | D:2      | Reached skill level 3 in Fighting
   710 | D:2      | Found a blossoming altar of Fedhas.
   710 | D:2      | Found a deep blue altar of Sif Muna.
   875 | D:3      | Found a radiant altar of Vehumet.
   910 | D:3      | Reached XP level 4. HP: 38/38 MP: 3/3
  1090 | D:3      | Noticed Grinder
  1093 | D:3      | Paralysed by Grinder for 7 turns
  1264 | D:3      | Reached skill level 4 in Fighting
  1264 | D:3      | Reached XP level 5. HP: 23/46 MP: 4/4
  1504 | D:4      | Reached skill level 1 in Axes
  1522 | D:4      | Found a sparkling altar of Nemelex Xobeh.
  1522 | D:4      | Found a shimmering altar of Xom.
  1568 | D:5      | Entered Level 5 of the Dungeon
  1615 | D:5      | Noticed an ogre
  1620 | D:5      | Killed an ogre
  1649 | D:5      | Noticed a centaur
  1660 | D:5      | Killed a centaur
  1660 | D:5      | Reached XP level 6. HP: 20/52 MP: 5/5
  1771 | D:5      | Noticed a sky beast
  1936 | D:5      | Found a staircase to the Ecumenical Temple.
  1946 | Temple   | Entered the Ecumenical Temple
  1959 | Temple   | Became a worshipper of the Shining One
  2033 | D:5      | Found a shattered altar of Ashenzari.
  2052 | D:5      | Noticed Turgon's ghost (average DsMo)
  2073 | D:5      | Found an iron altar of Okawaru.
  2082 | D:5      | Noticed an ice beast
  2216 | D:6      | Gained mutation: You have a pair of large horns on your head. [potion of mutation]
  2216 | D:6      | Gained mutation: You are partially covered in slimy green scales (AC +2). [potion of mutation]
  2216 | D:6      | Gained mutation: You possess an exceptional clarity of mind. [potion of mutation]
  2217 | D:6      | Gained mutation: You are robust (+10% HP). [potion of beneficial mutation]
  2280 | D:5      | Killed a sky beast
  2280 | D:5      | Reached skill level 5 in Axes
  2280 | D:5      | Reached XP level 7. HP: 38/66 MP: 6/6
  2318 | D:4      | Noticed a sky beast
  2424 | D:4      | Got an emerald-encrusted ring mail
  2435 | D:4      | Identified the cursed -2 ring mail "Adez" {rC+} (You found it on level 4 of the Dungeon)
  2435 | D:4      | meh
  2523 | D:4      | Killed a sky beast
  2523 | D:4      | Reached skill level 5 in Armour
  2531 | D:4      | Reached skill level 5 in Fighting
  2636 | D:4      | Reached skill level 6 in Axes
  2702 | D:4      | Killed an ice beast
  2715 | D:5      | Reached XP level 8. HP: 36/74 MP: 6/6
  3062 | D:6      | Found Zin's Purification Station.
  3063 | D:6      | Found a glowing silver altar of Zin.
  3071 | D:6      | Bought a potion of curing for 60 gold pieces
  3225 | D:6      | Reached skill level 7 in Axes
  3334 | D:7      | Reached skill level 5 in Dodging
  3364 | D:7      | Acquired the Shining One's first power
  3856 | D:7      | Found a glowing golden altar of the Shining One.
  4085 | D:7      | Reached skill level 8 in Axes
  4265 | D:8      | Reached XP level 9. HP: 64/85 MP: 8/8
  4294 | D:8      | Gained mutation: You occasionally shout uncontrollably at your foes. [potion of mutation]
  4294 | D:8      | Gained mutation: You are resistant to electric shocks. [potion of mutation]
  4647 | D:9      | :(
  4750 | D:9      | Found Guidos' Armour Emporium.
  4751 | D:9      | Found a staircase to the Orcish Mines.
  4767 | D:9      | Reached skill level 9 in Axes
  4793 | D:9      | Found Strooxen's Weapon Emporium.
  4963 | D:9      | Bought a +4 executioner's axe for 384 gold pieces
  5053 | D:8      | Reached skill level 10 in Axes
  5222 | D:8      | Reached XP level 10. HP: 58/96 MP: 8/8
  5511 | D:9      | Found a stormy altar of Qazlal.
  5697 | D:9      | Reached skill level 11 in Axes
  5704 | D:9      | Found a bloodstained altar of Trog.
  5831 | D:10     | Entered Level 10 of the Dungeon
  5858 | D:10     | Noticed a hill giant
  5869 | D:10     | Killed a hill giant
  6045 | D:10     | Noticed 4tharraofdagon's ghost (powerful VSEE)
  6059 | D:10     | Killed 4tharraofdagon's ghost
  6322 | D:11     | Acquired the Shining One's second power
  6391 | D:11     | Noticed a purple ugly thing
  6392 | D:11     | Noticed a purple ugly thing
  6394 | D:11     | Noticed a cyan ugly thing
  6394 | D:11     | Noticed a purple ugly thing
  6405 | D:11     | Killed a purple ugly thing
  6413 | D:11     | Noticed a red ugly thing
  6415 | D:11     | Killed a cyan ugly thing
  6415 | D:11     | Reached skill level 12 in Axes
  6579 | D:11     | Noticed a hill giant
  6589 | D:11     | Killed a hill giant
  6589 | D:11     | Reached XP level 11. HP: 9/106 MP: 8/8
  6590 | D:11     | HP: 3/106 [mottled dragon (6)]
  7095 | D:11     | Killed a red ugly thing
  7104 | D:11     | Killed a cyan ugly thing
  7109 | D:11     | Killed a cyan ugly thing
  7109 | D:11     | Reached skill level 10 in Fighting
  7132 | D:11     | Noticed a red ugly thing
  7149 | D:11     | Killed a red ugly thing
  7199 | D:11     | Reached skill level 13 in Axes
  7379 | D:11     | Noticed a purple very ugly thing
  7387 | D:11     | Killed a purple very ugly thing
  7405 | D:11     | Noticed a wizard
  7420 | D:11     | Killed a wizard
  7479 | D:11     | Noticed a wizard
  7487 | D:11     | Killed a wizard
  7487 | D:11     | Reached skill level 10 in Armour
  7761 | D:12     | Noticed Erica
  7773 | D:12     | Killed Erica
  7773 | D:12     | Reached skill level 1 in Invocations
  8147 | D:13     | Reached XP level 12. HP: 118/118 MP: 11/11
  8328 | D:13     | Noticed a hill giant
  8336 | D:13     | Killed a hill giant
  8336 | D:13     | Reached skill level 14 in Axes
  8380 | D:13     | Noticed Josephine
  8388 | D:13     | Killed Josephine
  8433 | D:13     | Reached skill level 10 in Dodging
  8498 | D:13     | Noticed an unseen horror
  8502 | D:13     | Killed an unseen horror
  8555 | D:14     | Noticed an ogre mage
  8610 | D:13     | Found a snail-covered altar of Cheibriados.
  8838 | D:13     | Noticed an unseen horror
  8845 | D:13     | Killed an unseen horror
  8864 | D:14     | Killed an ogre mage
  8883 | D:14     | Found a gate to the Vaults.
  8914 | D:14     | Reached skill level 5 in Evocations
  9258 | D:15     | Entered Level 15 of the Dungeon
  9289 | D:15     | Reached skill level 15 in Axes
  9326 | D:15     | :(
  9571 | D:15     | Reached XP level 13. HP: 127/127 MP: 14/17
  9910 | D:15     | Noticed a centaur warrior
  9923 | D:15     | Killed a centaur warrior
 10061 | D:15     | Noticed an eight-headed hydra
 10068 | D:15     | Killed a four-headed hydra
 10137 | D:15     | Acquired the Shining One's third power
 10144 | D:15     | (
 10238 | D:15     | Noticed a centaur warrior
 10610 | D:15     | Noticed a frost giant
 10632 | D:15     | Killed a frost giant
 10632 | D:15     | Reached skill level 5 in Invocations
 10752 | D:15     | Killed a centaur warrior
 10926 | D:15     | Found a staircase to the Depths.
 10939 | Depths:1 | Entered Level 1 of the Depths
 11024 | Depths:1 | Noticed a sphinx
 11037 | Depths:1 | Killed a sphinx
 11037 | Depths:1 | Reached skill level 16 in Axes
 11107 | Depths:1 | Found a corrupted altar of Lugonu.
 11107 | Depths:1 | Found a one-way gate to the infinite horrors of the Abyss.
 11216 | Depths:1 | Noticed an emperor scorpion
 11272 | Depths:1 | Noticed a cyan very ugly thing
 11273 | Depths:1 | Noticed a cyan very ugly thing
 11291 | Depths:1 | Noticed a stone giant
 11293 | Depths:1 | HP: 4/129 [stone giant (28)]
 11300 | Depths:1 | The Shining One protects you from harm!
 11912 | D:10     | Found a staircase to the Lair.
 11921 | Lair:1   | Entered Level 1 of the Lair of Beasts
 12222 | Lair:2   | Reached XP level 14. HP: 110/138 MP: 20/20
 12239 | Lair:2   | Noticed Gastronok
 12254 | Lair:2   | Killed Gastronok
 12483 | Lair:3   | Reached skill level 17 in Axes
 12505 | Lair:3   | Learned a level 2 spell: Cure Poison
 12868 | Lair:5   | Acquired the Shining One's fourth power
 12991 | Lair:3   | Gained mutation: Your flesh is heat resistant. [potion of beneficial mutation]
 13108 | Lair:5   | Learned a level 4 spell: Control Teleport
 13116 | Lair:5   | Learned a level 7 spell: Controlled Blink
 13272 | Lair:6   | Reached skill level 1 in Spellcasting
 13272 | Lair:6   | Reached skill level 1 in Translocations
 13283 | Lair:6   | You fall through a shaft for 2 floors!
 13283 | Lair:8   | Entered Level 8 of the Lair of Beasts
 13284 | Lair:8   | :)
 13386 | Lair:7   | Reached skill level 18 in Axes
 13466 | Lair:7   | Found a dark tunnel.
 13474 | Volcano  | Entered a volcano
 14199 | Lair:8   | Reached XP level 15. HP: 56/146 MP: 21/21
 14398 | Lair:8   | Learned a level 2 spell: Blink
 14401 | Lair:8   | Learned a level 2 spell: Repel Missiles
 14493 | Lair:8   | Reached skill level 5 in Translocations
 14497 | Lair:8   | Reached skill level 19 in Axes
 14670 | Lair:6   | Found a viscous altar of Jiyva.
 14670 | Lair:6   | Found a staircase to the Slime Pits.
 15000 | Orc:1    | Entered Level 1 of the Orcish Mines
 15019 | Orc:4    | Entered Level 4 of the Orcish Mines
 15071 | Orc:4    | Found Phoph's Book Shop.
 15089 | Orc:4    | Found Zoulon's Assorted Antiques.
 15092 | Orc:4    | Bought a potion of heal wounds for 87 gold pieces
 15092 | Orc:4    | Bought a glowing cloak for 130 gold pieces
 15092 | Orc:4    | Bought a potion of might for 72 gold pieces
 15125 | Orc:4    | Found a roughly hewn altar of Beogh.
 15141 | Orc:4    | Found Hurofak's Antique Weapon Emporium.
 15164 | Orc:4    | Found a roughly hewn altar of Beogh.
 15184 | Orc:4    | Found Yckienock's Assorted Antiques.
 15192 | Orc:4    | Bought a scroll of magic mapping for 94 gold pieces
 15192 | Orc:4    | Bought a scroll of teleportation for 81 gold pieces
 15192 | Orc:4    | Bought a scroll of enchant weapon for 202 gold pieces
 15208 | Orc:4    | Found Ytamn's Antique Armour Shoppe.
 15237 | Orc:4    | Found a roughly hewn altar of Beogh.
 15316 | Orc:4    | Found a roughly hewn altar of Beogh.
 15316 | Orc:4    | Found Qiwn's Assorted Antiques.
 15370 | Orc:4    | Bought a glowing fluorescent wand for 72 gold pieces
 15370 | Orc:4    | Bought a glowing bronze wand for 72 gold pieces
 15378 | Orc:4    | Bought a scroll of recharging for 171 gold pieces
 15411 | Orc:4    | Bought a ruby ring for 90 gold pieces
 15603 | Orc:4    | Found Moull's Antique Weapon Boutique.
 15603 | Orc:4    | Found a roughly hewn altar of Beogh.
 15605 | Orc:4    | Found Gyeqa's Antique Armour Shop.
 15619 | Orc:4    | Bought a pair of warped boots for 237 gold pieces
 15619 | Orc:4    | Bought a pair of runed gloves for 112 gold pieces
 15631 | Orc:4    | Identified the cursed +1 pair of boots of Amelioration {Str+4 Int+3} (You bought it in a shop on level 4 of the Orcish Mines)
 15826 | Orc:3    | Noticed Sonja
 15831 | Orc:3    | Killed Sonja
 15837 | Orc:3    | Noticed Psyche
 15841 | Orc:3    | Noticed Nergalle
 15843 | Orc:3    | Killed Psyche
 15871 | Orc:3    | Killed Nergalle
 15982 | Orc:3    | Noticed Erolcha
 15992 | Orc:3    | Killed Erolcha
 16007 | Orc:3    | Learned a level 1 spell: Apportation
 16087 | Orc:3    | Found a staircase to the Elven Halls.
 16171 | Orc:4    | Bought an ichor-stained leather armour for 203 gold pieces
 16173 | Orc:4    | Identified the +2 leather armour of Defiance {Str-3 Dex+5} (You bought it in a shop on level 4 of the Orcish Mines)
 16227 | Elf:1    | Entered Level 1 of the Elven Halls
 16375 | Elf:1    | Learned a level 3 spell: Conjure Flame
 16507 | Elf:1    | Noticed Fannar
 16510 | Elf:1    | Killed Fannar
 16573 | Elf:3    | Entered Level 3 of the Elven Halls
 16652 | Elf:3    | Found Fecius' Weapon Boutique.
 16674 | Elf:3    | Paralysed by an orc sorcerer for 3 turns
 16695 | Elf:3    | Got an ichor-stained leather armour
 16696 | Elf:3    | Identified the +0 leather armour of Weightlessness {Dex-2} (You found it on level 3 of the Elven Halls)
 16827 | Elf:3    | Reached skill level 20 in Axes
 16856 | Elf:3    | Reached XP level 16. HP: 147/152 MP: 21/22
 16962 | Elf:3    | Reached skill level 5 in Spellcasting
 16971 | Elf:3    | Noticed a deep elf master archer
 17001 | Elf:3    | Killed a deep elf master archer
 17004 | Elf:3    | Got a shimmering lead ring
 17005 | Elf:3    | Identified the ring "Geleib" {Wiz Dex+2 Int+3} (You took it off a deep elf annihilator on level 3 of the Elven Halls)
 17013 | Elf:3    | Noticed a deep elf blademaster
 17023 | Elf:3    | Killed a deep elf blademaster
 17111 | Elf:3    | Noticed a deep elf master archer
 17123 | Elf:3    | Killed a deep elf master archer
 17256 | Elf:3    | Noticed a deep elf blademaster
 17265 | Elf:3    | Killed a deep elf blademaster
 17371 | Elf:3    | Cast into the Abyss (deep elf sorcerer)
 17486 | Elf:3    | Escaped the Abyss
 17532 | Elf:3    | Got a crude platinum ring
 17534 | Elf:3    | Identified the ring "Vohauqa" {+Inv Str+1 Dex-3 Int+2} (You found it on level 3 of the Elven Halls)
 17541 | Elf:3    | Got an ancient hand axe
 17542 | Elf:3    | Identified the cursed -2 hand axe of Powy {freeze, rN+} (You found it on level 3 of the Elven Halls)
 17578 | Elf:3    | Identified the Papyrus of Bewitchment (You found it on level 3 of the Elven Halls)
 17593 | Elf:3    | Reached skill level 21 in Axes
 17627 | Elf:3    | Got a slimy shield
 17634 | Elf:3    | Identified the cursed +1 shield "Tromue" {+Fly rC++} (You took it off a deep elf demonologist on level 3 of the Elven Halls)
 17637 | Elf:3    | Got a shimmering scale mail
 17648 | Elf:3    | Identified the cursed -4 scale mail of Servitude {rF+ rN+} (You found it on level 3 of the Elven Halls)
 17734 | Elf:2    | Reached skill level 1 in Shields
 17917 | Elf:2    | Found a roughly hewn altar of Beogh.
 18243 | Orc:3    | Noticed Grum
 18252 | Orc:3    | Killed Grum
 18302 | Orc:2    | Reached skill level 5 in Shields
 18319 | Orc:2    | Found a bloodstained altar of Trog.
 18429 | Orc:1    | Found Psaeddih's Antique Armour Shop.
 18440 | Orc:1    | Bought a shiny troll leather armour for 345 gold pieces
 18596 | D:9      | mmmm
 18919 | Lair:4   | Found a staircase to the Shoals.
 18924 | Shoals:1 | Entered Level 1 of the Shoals
 18977 | Shoals:1 | Reached XP level 17. HP: 132/160 MP: 25/25
 19057 | Shoals:1 | Got an ancient wooden ring
 19059 | Shoals:1 | Identified the ring "Rikkas" {rPois rC- SInv Stlth+} (You found it on level 1 of the Shoals)
 19145 | Shoals:1 | You fall through a shaft!
 19186 | Shoals:2 | Found a frozen archway.
 19229 | IceCv    | Entered an ice cave
 19641 | IceCv    | Learned a level 6 spell: Haste
 19773 | Shoals:2 | Reached skill level 10 in Shields
 20631 | Shoals:5 | Entered Level 5 of the Shoals
 20639 | Shoals:5 | Reached skill level 10 in Translocations
 20667 | Shoals:4 | Found Shuofeq's Antique Armour Emporium.
 20883 | Shoals:5 | Noticed Ilsuiw
 20921 | Shoals:5 | Killed Ilsuiw
 21152 | Shoals:5 | Noticed Nikola
 21196 | Shoals:5 | Killed Nikola
 21732 | Shoals:5 | Reached XP level 18. HP: 169/169 MP: 28/28
 22180 | Shoals:5 | Got a barnacled rune of Zot
 23148 | Lair:6   | Identified a scroll of acquirement
 23160 | Lair:6   | :)
 23696 | Lair:3   | Found a hole to the Spider Nest.
 23719 | Spider:1 | Entered Level 1 of the Spider Nest
 23745 | Spider:2 | Noticed Donald
 23765 | Spider:2 | Killed Donald
 24319 | Spider:5 | Entered Level 5 of the Spider Nest
 25283 | Spider:5 | Paralysed by a red wasp for 3 turns
 25371 | Spider:5 | Reached XP level 19. HP: 59/176 MP: 2/31
 25386 | Spider:5 | Paralysed by a red wasp for 3 turns
 25438 | Spider:5 | Got a gossamer rune of Zot
 25561 | Spider:3 | Noticed Jorgrun
 25571 | Spider:3 | Killed Jorgrun
 26133 | Shoals:4 | Bought a transparent mottled dragon armour for 1980 gold pieces
 26135 | Shoals:4 | Identified the cursed -4 mottled dragon armour "Nawim" {Str+4 Dex+3} (You bought it in a shop on level 4 of the Shoals)
 26136 | Shoals:4 | ehhh
 26454 | Vaults:1 | Entered Level 1 of the Vaults
 26566 | Vaults:1 | Found Osea's Gadget Shop.
 26633 | Vaults:1 | Found a magical portal.
 26641 | WizLab   | Entered The Roulette of Golubria
 26643 | WizLab   | Found a corrupted altar of Lugonu.
 26703 | WizLab   | Found a corrupted altar of Lugonu.
 27004 | WizLab   | HP: 3/176 [eldritch tentacle (24)]
 27040 | WizLab   | Got a slimy cloak
 27051 | WizLab   | Identified the cursed -1 cloak of Jigsaw {+Blink rPois} (You found it in a wizard's laboratory)
 27539 | Vaults:2 | Noticed Aizul
 27554 | Vaults:2 | Killed Aizul
 27946 | Vaults:2 | Found Ufeufoqa's Book Boutique.
 28224 | Vaults:3 | second amulet!
 28399 | Vaults:3 | Reached XP level 20. HP: 83/184 MP: 30/32
 28427 | Vaults:3 | Noticed StormDelay's ghost (mighty HOFi)
 28540 | Vaults:2 | Paralysed by a vampire knight for 6 turns
 28546 | Vaults:2 | HP: 5/184 [vampire knight/great sword (36)]
 28546 | Vaults:2 | Slain by a vampire knight

Action                   |  1- 3 |  4- 6 |  7- 9 | 10-12 | 13-15 | 16-18 | 19-21 || total
-------------------------+-------+-------+-------+-------+-------+-------+-------++-------
Melee: Short sword       |   104 |    23 |       |       |       |       |       ||   127
       Mace              |    15 |       |       |       |       |       |       ||    15
       Whip              |       |    29 |       |       |       |       |       ||    29
       War axe           |       |    80 |   331 |       |       |       |       ||   411
       Executioner's axe |       |       |    69 |   399 |  1014 |   126 |       ||  1608
       Battleaxe         |       |       |       |       |    21 |       |       ||    21
       Broad axe         |       |       |       |       |       |  1522 |   618 ||  2140
       Unarmed           |       |       |       |       |       |       |     6 ||     6
Throw: Tomahawk          |       |     2 |     5 |     3 |     4 |       |       ||    14
       Javelin           |       |       |       |       |     1 |       |       ||     1
 Cast: Cure Poison       |       |       |       |       |     1 |    15 |     6 ||    22
       Apportation       |       |       |       |       |    19 |   107 |    12 ||   138
       Repel Missiles    |       |       |       |       |     4 |    13 |     6 ||    23
       Conjure Flame     |       |       |       |       |       |    14 |     1 ||    15
       Control Teleport  |       |       |       |       |       |       |     1 ||     1
Invok: Divine Shield     |       |       |       |     3 |     2 |     4 |     1 ||    10
       Cleansing Flame   |       |       |       |       |     1 |       |       ||     1
       Summon Divine War |       |       |       |       |       |     1 |     1 ||     2
 Abil: Evoke Flight      |       |       |       |       |       |    22 |     4 ||    26
Evoke: Wand              |     8 |    16 |    16 |     9 |    12 |     8 |     4 ||    73
       Sack of spiders   |       |       |       |     7 |     7 |       |       ||    14
       Phial of floods   |       |       |       |       |     1 |     2 |     2 ||     5
  Use: Scroll            |       |    10 |    12 |    14 |    29 |    21 |     7 ||    93
       Potion            |       |     2 |     2 |     7 |    10 |    10 |    10 ||    41
  Eat: Chunk             |       |     5 |    12 |    15 |    15 |    19 |     1 ||    67
       Beef jerky        |       |       |       |     2 |     4 |     2 |       ||     8
       Pizza             |       |       |       |       |     4 |     2 |       ||     6
       Fruit             |       |       |       |       |     6 |     9 |       ||    15
       Royal jelly       |       |       |       |       |     2 |     1 |     3 ||     6
       Bread ration      |       |       |       |       |       |     1 |       ||     1
